Map: Lerilak Crest

Players

matrix

  • Race: Terran Terran
  • League: Diamond

Barth - Winner!

  • Race: Protoss Protoss
  • League: Diamond

VOD

Have the link to the VOD?

Description

Time

  • Played on: Nov. 17, 2015, 9 a.m.
  • Length: 10:27
Show
View Real Time Build Order
Export as new Build Order

matrix Terran 

Build Orders: Reaper Expand, MMM Bio 

Get SALT Encoding   

  12  0:01  SCV  
  13  0:13  SCV  
  14  0:17  Supply Depot  
  14  0:25  SCV  
  15  0:38  SCV  
  15  0:40  Barracks  
  16  0:52  SCV  
  17  1:03  Refinery  
  17  1:04  SCV  
  18  1:26  Orbital Command  
  18  1:43  Command Center  
  18  1:45  Reaper  
  19  1:53  Supply Depot, SCV  
  20  2:02  Barracks  
  20  2:09  SCV  
  21  2:16  Barracks  
  21  2:23  Barracks Reactor, SCV  
  22  2:35  SCV  
  23  2:44  Engineering Bay  
  23  2:49  Barracks Tech Lab  
  23  2:50  SCV  
  24  2:55  Orbital Command  
  24  3:01  Marine x2  
  24  3:05  SCV  
  27  3:09  Stimpack  
  27  3:13  Missile Turret  
  27  3:15  Orbital Command  
  27  3:34  Command Center, SCV  
  27  3:37  Marine x2  
  27  3:38  Marine  
  31  3:42  Marine  
  31  3:44  SCV  
  33  3:49  Terran Infantry Weapons Level 1  
  33  3:56  Marine x2  
  33  4:02  SCV x2  
  37  4:08  Marine  
  37  4:09  Marine  
  38  4:13  Marine  
  38  4:14  SCV  
  38  4:15  Supply Depot  
  38  4:16  Refinery  
  40  4:18  Marine  
  40  4:20  SCV  
  40  4:21  Factory  
  42  4:27  Missile Turret  
  42  4:28  SCV  
  42  4:29  Marine x2  
  45  4:36  SCV  
  45  4:37  Marine x2  
  48  4:41  SCV  
  49  4:47  Marine  
  49  4:48  Supply Depot, Refinery  
  49  4:50  Supply Depot  
  46  5:00  SCV x2  
  46  5:12  SCV x2  
  46  5:13  Orbital Command  
  46  5:14  Marine  
  46  5:15  Marine  
  46  5:17  Factory Reactor  
  46  5:18  Barracks Tech Lab  
  48  5:24  SCV, Starport  
  49  5:32  SCV  
  49  5:33  Combat Shields  
  49  5:35  Marine, Marauder  
  52  5:36  SCV, Marine  
  52  5:40  Marauder  
  52  5:41  SCV  
  58  5:45  SCV  
  58  5:48  SCV  
  56  6:06  Marine  
  56  6:07  Marauder x2, Marine  
  62  6:12  Terran Infantry Armor Level 1  
  62  6:13  SCV x3  
  62  6:14  Factory Reactor  
  65  6:20  Medivac  
  65  6:22  Medivac  
  69  6:26  SCV  
  69  6:28  SCV x2  
  69  6:32  Supply Depot  
  72  6:40  SCV x2  
  72  6:42  Refinery  
  72  6:43  Marauder, Marine  
  72  6:45  SCV  
  78  6:53  Medivac  
  80  6:58  Barracks  
  80  7:02  Barracks  
  80  7:09  Marauder x2, Marine  
  80  7:10  Widow Mine x2  
  80  7:13  SCV  
  80  7:14  SCV  
  91  7:21  SCV  
  92  7:25  Supply Depot, SCV  
  92  7:27  Supply Depot  
  85  7:55  Barracks Reactor, Barracks Tech Lab, Marauder  
  85  7:56  Marine  
  85  7:57  Marauder, Marine  
  91  8:12  Command Center, Orbital Command  
  91  8:14  Marine  
  91  8:23  Armory, Engineering Bay  
  91  8:27  Medivac, Starport, Fusion Core  
  91  8:28  Widow Mine x2, Medivac  
  91  8:30  Marine, Marauder  
  91  8:31  Marine  
  103  8:35  SCV x2  
  105  8:41  SCV  
  105  8:43  Liberator  
  105  8:47  SCV  
  82  8:49  Marine  
  82  8:50  Marauder x2  
  87  8:56  Marine x2  
  83  9:18  Marine  
  83  9:19  Marauder x2, Marine x2  
  83  9:20  Marine x2  
  69  9:36  Marine x2  
  69  9:37  Marine  
  63  9:38  Marine x2  
  63  9:40  Marine  
  63  9:43  Marine  
  63  9:45  SCV  
  49  9:54  Marine  
  49  9:57  Marauder  
  47  10:06  Marine  
Show
View Real Time Build Order
Export as new Build Order

Barth Protoss - Winner!

Build Orders:  

Get SALT Encoding   

  12  0:01  Probe (Chrono Boost)  
  13  0:11  Probe (Chrono Boost)  
  14  0:18  Pylon  
  14  0:22  Probe (Chrono Boost)  
  15  0:37  Probe (Chrono Boost)  
  15  0:39  Gateway  
  16  0:47  Assimilator  
  16  0:52  Probe (Chrono Boost)  
  17  1:03  Probe (Chrono Boost)  
  18  1:13  Probe (Chrono Boost)  
  19  1:27  Cybernetics Core  
  19  1:29  Probe (Chrono Boost)  
  21  1:40  Probe (Chrono Boost)  
  21  1:47  Nexus  
  21  1:53  Pylon  
  21  1:57  Probe (Chrono Boost)  
  22  2:08  Warp Gate  
  22  2:10  Probe  
  22  2:12  Adept (Chrono Boost)  
  25  2:18  Assimilator  
  26  2:23  Mothership Core  
  27  2:38  Adept (Chrono Boost), Pylon  
  29  2:45  Probe  
  30  2:57  Probe  
  31  2:58  Probe  
  32  3:09  Probe x2  
  32  3:11  Robotics Facility  
  34  3:16  Pylon  
  34  3:19  Probe  
  34  3:21  Probe  
  36  3:32  Probe  
  36  3:34  Probe  
  37  3:43  Probe  
  37  3:44  Gateway  
  37  3:46  Probe  
  37  3:47  Gateway  
  39  3:53  Probe  
  40  3:58  Probe  
  42  4:10  Probe, Observer (Chrono Boost)  
  42  4:12  Probe  
  42  4:14  Robotics Bay  
  42  4:17  Adept  
  46  4:21  Probe  
  46  4:24  Probe  
  48  4:31  Probe  
  48  4:36  Probe  
  48  4:37  Nexus  
  48  4:38  Observer (Chrono Boost)  
  51  4:42  Probe  
  52  4:48  Probe  
  53  4:58  Probe  
  54  5:00  Probe  
  54  5:02  Assimilator  
  54  5:04  Assimilator  
  55  5:08  Probe  
  55  5:12  Probe  
  55  5:13  Disruptor (Chrono Boost)  
  60  5:19  Pylon  
  60  5:21  Gateway  
  60  5:22  Probe, Pylon  
  60  5:23  Forge  
  60  5:24  Probe  
  60  5:25  Pylon  
  62  5:28  Pylon  
  62  5:30  Pylon  
  62  5:32  Pylon  
  62  5:44  Probe  
  62  5:46  Probe  
  62  5:49  Adept x3  
  69  5:55  Probe  
  68  5:58  Probe  
  67  6:05  Probe  
  67  6:06  Disruptor (Chrono Boost)  
  67  6:07  Probe  
  67  6:09  Protoss Ground Weapons Level 1 (Chrono Boost)  
  70  6:13  Gateway  
  70  6:14  Gateway  
  70  6:17  Twilight Council  
  70  6:20  Robotics Facility  
  70  6:26  Adept x3  
  70  6:27  Adept  
  78  6:37  Gateway, Observer Gravitic Boosters  
  78  6:39  Gateway  
  78  6:41  Disruptor  
  81  6:50  Sentry x2  
  81  6:52  Stalker x2  
  81  6:53  Probe  
  89  6:55  Assimilator  
  89  6:57  Assimilator  
  89  7:00  Probe  
  91  7:10  Immortal  
  91  7:12  Probe  
  91  7:15  Stalker  
  98  7:18  Blink  
  98  7:25  Probe  
  100  7:37  Probe  
  100  7:45  Stalker x5  
  110  7:54  Immortal  
  110  7:59  Immortal  
  110  8:00  Zealot  
  110  8:03  Pylon  
  110  8:05  Pylon x2  
  120  8:09  Stalker  
  122  8:14  Photon Cannon  
  122  8:15  Photon Cannon  
  122  8:25  Protoss Ground Weapons Level 2 (Chrono Boost)  
  122  8:28  Warp Prism  
  122  8:29  Nexus  
  122  8:32  Pylon  
  122  8:57  Immortal, Adept  
  122  8:58  Adept x6  
  122  8:59  Adept  
  142  9:11  Observer  
  135  9:29  Immortal  
  123  9:33  Adept x5  
  123  9:34  Adept x2  
  123  9:36  Immortal  
  139  9:43  Adept  
  137  10:07  Stalker x2  
  137  10:08  Stalker x5  
  137  10:09  Stalker  
Tags
 
Add a new tag
Caveats
  • Supply blocks, unpowered buildings, or Contaminate may cause inaccurate times.
  • Supply counts are checked every 10 seconds.